 Dungeon Crawl Stone Soup version 0.27-a0-54-g64bdb92 (webtiles) character file.

Game seed: 17978103031156985487

100 taqueso the Cudgeller (level 4, 0/35 HPs)
             Began as a Demonspawn Monk on Jan 7, 2021.
             Succumbed to an adder's poison
             ... on level 2 of the Dungeon.
             The game lasted 00:03:10 (1825 turns).

taqueso the Cudgeller (Demonspawn Monk)             Turns: 1825, Time: 00:03:11

Health: 0/35       AC:  5    Str: 11    XL:     4   Next: 46%
Magic:  3/4        EV: 11    Int: 11    God:
Gold:   88         SH:  0    Dex: 17    Spells: 3/3 levels left

rFire    . . .     SeeInvis .   a - +0 mace
rCold    . . .     Faith    .   (no shield)
rNeg     . . .     Spirit   +   f - +0 ring mail
rPois    .         Reflect  .   (no helmet)
rElec    .         Harm     .   (no cloak)
rCorr    .         Rampage  .   (no gloves)
Will     .....                  (no boots)
Stlth    +.........             (no amulet)
HPRegen  0.11/turn              c - ring of wizardry
MPRegen  0.09/turn              (no ring)

@: lethally poisoned (0 -> -2)
A: magic shield
a: no special abilities


You were on level 2 of the Dungeon.
You visited 1 branch of the dungeon, and saw 2 of its levels.

You collected 88 gold pieces.

Inventory:

Hand Weapons
 a - a +0 mace (weapon)
Missiles
 d - 12 stones (quivered)
Armour
 b - a +0 robe
 f - a +0 ring mail (worn)
Jewellery
 c - a ring of wizardry (left hand)
Scrolls
 e - a scroll of identify


   Skills:
 - Level 3.0 Fighting
 + Level 4.8 Maces & Flails
 - Level 2.6 Dodging
 - Level 1.7 Stealth


You had 3 spell levels left.
You didn't know any spells.
Your spell library was empty.

Dungeon Overview and Level Annotations

Branches:
Dungeon (2/15)

Altars:
Xom


Innate Abilities, Weirdness & Mutations

When hurt, damage is shared between your health and your magic reserves.


Message History

The scroll dissolves into smoke.
* * * LOW HITPOINT WARNING * * *
You feel sick. The adder closely misses you.
* * * LOW HITPOINT WARNING * * *
You feel sick. The adder bites you.
* * * LOW HITPOINT WARNING * * *
* * * LOW HITPOINT WARNING * * *
You feel sick.
* * * LOW HITPOINT WARNING * * *
You feel sick. The adder closely misses you.
* * * LOW HITPOINT WARNING * * *
You feel sick.
* * * LOW HITPOINT WARNING * * *
You feel sick. The adder barely misses you.
* * * LOW HITPOINT WARNING * * *
You feel sick. The adder closely misses you. The adder closely misses you.
You die...

.......############
#.....
......Sg§§§§§§§§..#
#.....
.......##########.##
#..... ......( #..#
#..... ......( ##S#
#..÷.. .....g. #g#
#....[ ###.... #g##
###.## #....
#########S.##########÷##
.....
.......@................
##########.#######'##.##
#.##.......#.##
#..........#.##
#..........#.##
#......##'##.##
#......##.##.#
#......##.##.#
#......##.##.#


You could see an adder.

Vanquished Creatures
  5 adders
  An ooze (D:2)
  A worm (D:2)
  A dart slug (D:2)
  A leopard gecko (D:2)
  3 ball pythons
  4 giant cockroaches
  4 goblins
  9 hobgoblins
  6 bats
  A frilled lizard (D:2)
  A kobold (D:2)
  9 rats
46 creatures vanquished.

Notes
Turn   | Place    | Note
-------+----------+-------------------------------------------
     0 | D:1      | taqueso the Demonspawn Monk began the quest for the Orb.
     0 | D:1      | Reached XP level 1. HP: 18/18 MP: 1/1
    41 | D:1      | Reached skill level 3 in Maces & Flails
   129 | D:1      | Gained mutation: When hurt, damage is shared between your
                  | health and your magic reserves. [demonic ancestry]
   129 | D:1      | Reached XP level 2. HP: 24/24 MP: 2/2
   460 | D:2      | Reached XP level 3. HP: 29/29 MP: 3/3
   480 | D:1      | Reached skill level 4 in Maces & Flails
  1093 | D:2      | Reached XP level 4. HP: 31/35 MP: 4/4
  1274 | D:2      | Found a shimmering altar of Xom.
  1822 | D:2      | HP: 1/35 [poisoned by an adder]
  1825 | D:2      | Succumbed to an adder's poison

Illustrated notes

Levels and vault maps discovered:
D:1:      minmay_arrival_five_plusses, layout_rooms
D:2:      layout_basic, tgw_xom

Skill      XL: |  1  2  3 |
---------------+----------+-----
Maces & Flails | 3 4 |  4.8
Fighting       | |  3.0
Dodging        | |  2.6
Stealth        | |  1.7

Action                   |  1- 3 |  4- 6 || total
-------------------------+-------+-------++-------
Melee: Mace              |   111 |    52 ||   163
Throw: Stone             |    51 |    30 ||    81
  Use: Scroll            |       |     2 ||     2
 Stab: Sleeping          |     1 |       ||     1
Armor: Robe              |    13 |       ||    13
       Ring mail         |    35 |    18 ||    53
Dodge: Dodged            |    67 |    33 ||   100

Table legend: (Time is in decaauts)
 A = Elapsed time spent in this place.
 B = Non-inter-level travel time spent in this place.
 C = Inter-level travel time spent in this place.
 D = Time resting spent in this place.
 E = Time spent auto-exploring this place.
 F = Levels seen in this place.
 G = Mean time per level.
                   A        B        C        D        E       F      G
               +--------+--------+--------+--------+--------+-----+--------+
         Total |   1870 |   1847 |     23 |    288 |   1131 |   2 |  935.0 |
       Dungeon |   1870 |   1847 |     23 |    288 |   1131 |   2 |  935.0 |
               +--------+--------+--------+--------+--------+-----+--------+

Top non-repeatable levels by time:
     D:2: 1103 daAuts
     D:1: 766 daAuts
